Map: Orbital Shipyard

Players

neuro - Winner!

  • Race: Zerg Zerg
  • League: Master

jinjinn

  • Race: Terran Terran
  • League: Platinum

VOD

Have the link to the VOD?

Description

Time

  • Played on: July 30, 2015, 5:28 a.m.
  • Length: 17:57
Show
View Real Time Build Order
Export as new Build Order

neuro Zerg - Winner!

Build Orders: Hatch First 

Get SALT Encoding   

  12  0:02  Drone  
  13  0:13  Overlord  
  13  0:17  Drone  
  14  0:33  Drone x2  
  16  0:37  Drone  
  17  0:53  Hatchery  
  16  0:57  Drone x2  
  18  1:08  Extractor  
  17  1:13  Spawning Pool  
  17  1:16  Drone  
  17  1:20  Drone  
  18  1:32  Drone  
  19  1:44  Drone  
  20  1:56  Overlord  
  20  2:00  Queen  
  22  2:05  Queen  
  22  2:08  Zergling x4  
  26  2:10  Metabolic Boost  
  26  2:16  Zergling x4  
  26  2:22  Drone  
  29  2:28  Overlord  
  29  2:40  Drone x2  
  29  2:41  Queen  
  29  2:43  Queen  
  35  2:53  Drone x2  
  37  3:10  Zergling x8  
  41  3:16  Drone x3  
  41  3:17  Overlord  
  44  3:33  Overlord  
  44  3:35  Overlord  
  44  3:36  Drone x4  
  48  3:46  Hatchery  
  47  3:51  Drone x4  
  51  4:00  Drone x5  
  56  4:05  Drone x2  
  58  4:16  Overlord  
  58  4:18  Overlord  
  58  4:23  Roach Warren  
  57  4:25  Drone x5, Extractor  
  57  4:27  Extractor  
  53  4:49  Queen  
  53  4:50  Spore Crawler, Queen  
  53  4:52  Spore Crawler  
  55  4:55  Drone x10  
  65  5:03  Spore Crawler  
  65  5:05  Spore Crawler  
  63  5:12  Roach x2  
  66  5:17  Spore Crawler  
  66  5:19  Roach  
  66  5:20  Spore Crawler, Roach x2  
  70  5:31  Roach x6  
  78  5:44  Roach x3  
  78  5:45  Roach  
  82  5:51  Overlord  
  82  5:52  Overlord  
  78  5:59  Roach x5  
  70  6:06  Roach  
  70  6:07  Roach x5  
  80  6:11  Roach x2  
  82  6:22  Spore Crawler, Roach x3  
  82  6:23  Spore Crawler  
  86  6:28  Queen  
  86  6:29  Queen  
  88  6:33  Lair, Extractor  
  88  6:38  Drone x4  
  88  6:50  Drone x4  
  91  7:02  Drone x3  
  94  7:11  Overlord x2  
  94  7:15  Overlord x3  
  94  7:16  Extractor  
  94  7:17  Extractor  
  92  7:29  Evolution Chamber  
  91  7:30  Evolution Chamber  
  91  7:36  Drone  
  91  7:37  Overseer x2  
  91  7:38  Spire, Glial Reconstitution  
  91  7:39  Queen  
  91  7:41  Drone  
  91  7:42  Drone x5  
  91  7:43  Drone  
  99  7:54  Drone x5  
  99  7:55  Drone x3  
  107  7:58  Hatchery  
  106  8:08  Zerg Ground Armor Level 1, Zerg Melee Weapons Level 1  
  106  8:14  Infestation Pit  
  105  8:20  Overlord  
  105  8:38  Extractor  
  105  8:40  Spore Crawler  
  105  8:41  Drone x4, Roach, Extractor  
  105  8:45  Spore Crawler  
  105  8:46  Hatchery  
  104  8:55  Pathogen Glands  
  104  8:56  Zerg Flyer Weapons Level 1  
  104  8:57  Hive  
  104  9:00  Zergling x2  
  104  9:01  Zergling x2  
  106  9:06  Drone x2  
  106  9:07  Drone x12  
  120  9:13  Pneumatized Carapace  
  112  9:38  Spine Crawler  
  112  9:39  Spine Crawler  
  112  9:40  Burrow  
  110  9:48  Mutalisk x11  
  110  9:49  Hatchery  
  130  10:13  Zerg Ground Armor Level 2, Zerg Melee Weapons Level 2  
  130  10:21  Queen x2  
  130  10:23  Overlord x6  
  134  10:28  Overseer  
  134  10:41  Queen x2  
  138  10:51  Queen  
  138  10:56  Queen x2  
  140  10:58  Corruptor x9  
  162  11:05  Zergling x2  
  162  11:06  Overlord  
  162  11:07  Overlord x2, Overseer  
  162  11:08  Overseer x2  
  163  11:11  Drone x6  
  163  11:12  Drone x3  
  172  11:20  Corruptor  
  172  11:21  Corruptor x2  
  174  11:50  Infestor x4  
  182  11:55  Greater Spire  
  182  12:02  Spore Crawler  
  182  12:03  Spore Crawler, Spine Crawler  
  182  12:04  Spine Crawler  
  182  12:05  Drone x9  
  182  12:06  Spine Crawler  
  182  12:08  Spore Crawler  
  185  12:29  Extractor  
  184  12:30  Spore Crawler x4  
  184  12:34  Extractor  
  179  12:38  Roach x10  
  191  12:55  Viper  
  191  12:56  Viper x3  
  191  13:12  Brood Lord x2  
  193  13:13  Brood Lord  
  190  13:23  Viper  
  191  13:31  Zerg Melee Weapons Level 3, Extractor  
  191  13:32  Hatchery, Queen  
  191  13:33  Queen x2, Extractor  
  196  13:38  Drone x7  
  196  13:43  Brood Lord x2  
  197  13:53  Infestor x2  
  197  13:55  Hatchery  
  163  14:18  Brood Lord x3  
  163  14:19  Queen x2, Brood Lord  
  161  14:42  Zerg Flyer Weapons Level 2  
  161  14:45  Zerg Missile Weapons Level 1  
  142  14:54  Extractor x2  
  140  15:06  Corruptor x4  
  148  15:38  Corruptor x2  
  148  15:40  Hatchery  
  149  16:12  Corruptor x6  
  148  16:33  Corruptor  
  148  16:34  Corruptor x4  
  158  16:55  Corruptor  
  158  16:56  Corruptor x2  
  164  17:06  Spore Crawler, Spine Crawler  
  164  17:07  Spore Crawler  
  161  17:09  Spore Crawler  
Show
View Real Time Build Order
Export as new Build Order

jinjinn Terran 

Build Orders: Hellion Opening, Liberator Opening, Reaper Expand, Mech 

Get SALT Encoding   

  12  0:00  SCV  
  13  0:13  SCV  
  14  0:17  Supply Depot  
  14  0:26  SCV  
  15  0:30  Refinery  
  15  0:39  SCV  
  16  0:46  Barracks  
  16  0:51  SCV  
  17  1:03  SCV  
  18  1:15  SCV  
  19  1:35  Orbital Command  
  19  1:36  Reaper  
  20  1:47  Command Center  
  20  2:01  SCV  
  20  2:02  Factory  
  21  2:09  Barracks Reactor  
  21  2:13  SCV  
  22  2:20  Supply Depot  
  22  2:24  Refinery  
  22  2:26  SCV  
  23  2:42  SCV  
  24  2:54  SCV  
  24  2:57  Starport  
  25  3:03  Hellion x2  
  25  3:05  Barracks Reactor  
  29  3:06  SCV  
  31  3:17  Liberator  
  31  3:20  SCV, Orbital Command  
  31  3:24  Hellion x2  
  35  3:33  SCV  
  39  3:45  SCV  
  39  3:47  SCV  
  41  3:49  Hellion x2  
  41  3:52  Supply Depot  
  45  3:57  SCV  
  46  4:13  SCV x2  
  46  4:14  Armory  
  48  4:18  Hellion x2  
  48  4:23  Supply Depot  
  52  4:25  SCV x2  
  52  4:28  Liberator x2  
  54  4:38  SCV  
  53  4:42  SCV  
  53  4:43  Hellion  
  62  4:45  Hellion  
  62  4:59  SCV  
  63  5:08  Hellion  
  63  5:09  Hellion  
  63  5:14  SCV  
  68  5:15  SCV  
  69  5:26  SCV  
  70  5:31  Liberator  
  70  5:42  Hellion  
  70  5:57  Hellion, Liberator  
  70  6:04  SCV x2  
  70  6:06  Hellion  
  70  6:08  Refinery  
  70  6:09  Refinery, Engineering Bay  
  70  6:16  Command Center  
  66  6:22  SCV x2  
  62  6:31  Hellion x2  
  59  6:35  Barracks Tech Lab  
  59  6:36  Factory  
  59  6:37  Factory  
  59  6:38  Command Center  
  59  6:41  SCV x2  
  61  6:53  SCV x2  
  63  6:58  Factory  
  63  7:02  Hellion x2  
  63  7:05  SCV x2  
  69  7:10  Refinery, Liberator  
  69  7:15  Refinery  
  69  7:17  SCV  
  69  7:19  Terran Vehicle Weapons Level 1  
  70  7:28  SCV  
  70  7:29  SCV, Orbital Command  
  75  7:40  Factory Tech Lab  
  75  7:41  Factory Tech Lab, Liberator  
  75  7:43  SCV x2  
  80  7:44  Siege Tank  
  80  7:45  Hellion x2  
  80  7:50  Orbital Command  
  84  7:53  Command Center  
  84  7:55  SCV x2  
  84  7:57  SCV  
  87  8:00  Siege Tank  
  93  8:07  SCV x2  
  93  8:09  SCV  
  96  8:17  Missile Turret  
  96  8:19  SCV  
  97  8:24  Siege Tank  
  97  8:25  Thor, Hellion, Supply Depot  
  108  8:27  SCV x2  
  108  8:31  SCV, Missile Turret  
  108  8:32  SCV  
  108  8:33  Missile Turret  
  108  8:34  Liberator  
  112  8:39  Hellion  
  114  8:42  Sensor Tower  
  114  8:44  SCV  
  115  8:50  Siege Tank  
  115  8:51  Hellion  
  115  8:52  SCV  
  124  8:55  Supply Depot  
  124  9:04  SCV  
  125  9:11  Siege Tank x2  
  131  9:27  Missile Turret x3  
  131  9:33  Fusion Core  
  131  9:34  SCV x2  
  133  9:38  Factory  
  133  9:43  Supply Depot  
  133  9:45  Supply Depot  
  133  9:49  Viking  
  133  9:50  Viking, Siege Tank  
  133  9:52  Hellion x2  
  144  9:57  Refinery  
  144  9:58  Refinery  
  144  10:03  Siege Tank  
  144  10:05  Siege Tank  
  150  10:13  Factory  
  150  10:18  Supply Depot, Missile Turret  
  150  10:24  Factory  
  150  10:26  Starport  
  150  10:30  Factory Tech Lab  
  150  10:31  Cyclone  
  150  10:34  SCV x3  
  156  10:45  Missile Turret  
  156  10:47  Missile Turret  
  156  10:52  Missile Turret  
  152  11:02  Siege Tank x3  
  152  11:03  Factory Tech Lab  
  161  11:07  Missile Turret  
  161  11:15  Cyclone  
  161  11:16  Missile Turret, Unknown  
  161  11:17  Missile Turret  
  164  11:18  Unknown  
  164  11:19  Missile Turret  
  164  11:20  Missile Turret  
  164  11:23  Hellion x2  
  164  11:24  SCV x2  
  170  11:37  Planetary Fortress  
  170  11:38  Missile Turret  
  170  11:42  Hellion x2, Siege Tank  
  170  11:44  Factory Tech Lab, Starport Tech Lab  
  170  11:46  Command Center  
  177  11:47  Starport Reactor  
  177  11:58  Supply Depot  
  177  12:00  Supply Depot  
  177  12:06  Sensor Tower  
  177  12:07  Missile Turret, Liberator  
  177  12:09  Missile Turret  
  177  12:10  Missile Turret  
  177  12:19  Cyclone, Siege Tank x2  
  177  12:21  Cyclone  
  189  12:22  Liberator  
  192  12:38  Liberator  
  199  12:58  Hellion x2  
  199  13:02  Cyclone  
  196  13:18  Cyclone x3  
  200  13:23  Cyclone  
  200  13:24  Viking  
  192  13:55  Cyclone x3, Viking x3  
  177  14:05  Cyclone, Viking  
  177  14:06  Hellion x2  
  177  14:07  Hellion  
  173  14:14  Cyclone  
  156  14:27  Hellion x2  
  154  14:31  Hellion x2  
  154  14:36  Command Center  
  158  14:40  Command Center  
  158  14:42  Viking x2  
  158  14:43  Viking  
  161  14:46  Command Center, Cyclone x3  
  161  14:48  Refinery  
  169  14:55  Refinery  
  169  14:57  Cyclone  
  169  14:58  Hellion x2, Viking  
  178  15:15  Viking x2  
  178  15:16  Orbital Command  
  178  15:27  Viking  
  180  15:28  Viking  
  180  15:29  Terran Vehicle Weapons Level 2  
  182  15:45  Sensor Tower  
  153  16:05  Cyclone x4  
  153  16:06  Hellion x2  
  144  16:20  Cyclone  
  144  16:21  Cyclone  
  138  16:27  Hellion  
  129  16:37  Siege Tank  
  111  16:41  Cyclone x2  
Tags
 
Add a new tag
Caveats
  • Supply blocks, unpowered buildings, or Contaminate may cause inaccurate times.
  • Supply counts are checked every 10 seconds.